[Event "Early-Titled-Tuesday-Blitz-April-23-2024"]
[Site "Chess.com"]
[Date "2024.04.23"]
[Round "5"]
[White "JiaHaoxiang"]
[Black "Acva-Alenok"]
[Result "1-0"]
[WhiteElo "2579"]
[BlackElo "2358"]
[TimeControl "180+1"]
[EndTime "8:58:33 PDT"]
[Termination "JiaHaoxiang won on time"]

1. e4 c6 2. d4 d5 3. exd5 cxd5 4. Bd3 Nc6 5. c3 Nf6 6. h3 g6 7. Nf3 Bf5 8. Be2 Bg7 9. O-O Rc8 10. Nbd2 O-O 11.
Re1 Na5 12. Nf1 Nc4 13. Bxc4 dxc4 14. Ne3 Nd5 15. Nxf5 gxf5 16. Bg5 Qd6 17. Qc2 e6 18. Qd2 Kh8 19. Bh6 Rg8 20. Ne5 Qc7 21. g3 Bxh6 22.
Qxh6 f6 23. Nf3 Rxg3+ 24. Kh1 Rxf3 25. Kg2 Qf4 26. Qxf4 Rxf4 27. Rxe6 Rg8+ 28. Kf1 Re4 29. Re1 Rxe1+ 30. Rxe1 Kg7 31. Re6 Kf7 32. Rd6 Nb6 33. a4 Rc8 34. a5 Na4 35. Rd7+ Ke6 36. Rxb7 Rc6 37. Rb4 Nxb2 38. Rxb2 Ra6 39. Rb5 Kd6 40. Ke2 Ke6 41. Ke3 Rc6 42. Kf4 Rc8 43. Rxf5 Rb8 44.
Rc5 Rb2 45. f3 Rh2 46. Rxc4 Rxh3 47. Rc6+ Ke7 48. Rc7+ Ke6 49. Rxa7 h5 50. a6 Rh1 51. Rh7 Ra1 52. Rxh5 Rxa6 53. c4 Ra3 54. Rb5 Rc3 55.
Rc5 Kd6 56. Ke4 f5+ 57. Kxf5 Rc2 58. f4 1-0

[Event "Early-Titled-Tuesday-Blitz-April-23-2024"]
[Site "Chess.com"]
[Date "2024.04.23"]
[Round "5"]
[White "Rud_Makarian"]
[Black "luckyswitchback"]
[Result "1-0"]
[WhiteElo "3020"]
[BlackElo "2727"]
[TimeControl "180+1"]
[EndTime "8:58:36 PDT"]
[Termination "Rud_Makarian won by checkmate"]

1. d4 d5 2. c4 e6 3. Nf3 Nf6 4. Nc3 Bb4 5. Qa4+ Nc6 6. a3 Bxc3+ 7. bxc3 Ne4 8. Bf4 Nxc3 9. Qc2 Ne4 10. e3 Nd6 11. c5 Nf5 12. Bd3 h6 13. h4 O-O 14. g4 Nfe7 15. Rg1 Bd7 16. O-O-O b6 17.
h5 f6 18. g5 fxg5 19. Nxg5 Nxd4 20. Bh7+ Kh8 21. Rxd4 hxg5 22. Be5 Nf5 23. h6 Kxh7 24.
hxg7 Rg8 25. Rdg4 Kg6 26. c6 Bc8 27. Rxg5+ Qxg5 28. Rxg5+ Kxg5 29. f4+ Kg6 30. Qg2+ Kf7 31. Qg5 Ba6 32. Qf6+ Ke8 33. Qxe6+ Ne7 34. Bf6 Rxg7 35. Bxg7 Bc8 36. Qe5 Kf7 37. Qxc7 Bf5 38. Be5 Rc8 39. Qb7 Rxc6+ 40. Kd1 Bg4+ 41. Ke1 Rc1+ 42. Kd2 Rd1+ 43. Kc2 Ke6 44. Qxa7 Nc6 45. Qxb6 Kf5 46. Qxc6 Be2 47. Qf6+ Ke4 48. Bd4 Rh1 49. Qe6+ Kf3 50. Qxd5+ Kf2 51. Qxh1 Bf3 52. e4+ Ke2 53. Qh2+ Ke1 54.
Qf2# 1-0

[Event "Early-Titled-Tuesday-Blitz-April-23-2024"]
[Site "Chess.com"]
[Date "2024.04.23"]
[Round "5"]
[White "Silvederione"]
[Black "TanitoluwaAps116"]
[Result "0-1"]
[WhiteElo "2497"]
[BlackElo "2788"]
[TimeControl "180+1"]
[EndTime "8:58:36 PDT"]
[Termination "TanitoluwaAps116 won by checkmate"]

1. d4 Nf6 2. Nc3 d5 3. Bf4 c6 4.
e3 Bf5 5. f3 e6 6. g4 Bg6 7. h4 h5 8. g5 Nfd7 9. Bd3 Bxd3 10.
Qxd3 g6 11. Nge2 Na6 12. e4 Bg7 13. exd5 cxd5 14. Bd6 Qb6 15. Nb5 Rc8 16. a4 Rc4 17. c3 Nab8 18. b3 Rc6 19. a5 Qa6 20. Bb4 Bf8 21.
Bxf8 Kxf8 22. Nf4 Kg7 23. O-O Rhc8 24. Rfe1 Nf8 25. Kg2 Nbd7 26. Rec1 Kg8 27. Kf2 e5 28. dxe5 Nxe5 29. Qe2 Re8 30. Nxd5 Rc5 31. c4 Rxd5 32. cxd5 Nfd7 33. Re1 Kf8 34. Kg2 Nc5 35. Nd4 Qd6 36. Nc2 Ncd3 37. Red1 Nf4+ 38. Kf2 Nxe2 39. Kxe2 Ng4+ 40.
Kf1 Ne3+ 41. Nxe3 Rxe3 42. Kf2 Qf4 43. Rd2 Qxf3+ 44. Kg1 Qg3+ 45. Rg2 Re1+ 46. Rxe1 Qxe1+ 47. Kh2 Qxh4+ 48. Kg1 Qd4+ 49. Kh2 Qxd5 50. Re2 Qxg5 51. Rc2 Qxa5 52. Rc8+ Kg7 53. Kg3 Qb6 54. Kh2 Qxb3 55. Rc7 Qb2+ 56. Kh1 Qa1+ 57. Kg2 Qa2+ 58. Kh1 b5 59.
Kg1 b4 60. Rb7 Qd5 61. Re7 Qc5+ 62. Kh1 Qxe7 63. Kg2 Qg5+ 64. Kh3 Qg4+ 65. Kh2 b3 66. Kh1 b2 67. Kh2 a5 68. Kh1 b1=Q+ 69. Kh2 Qbg1# 0-1

[Event "Early-Titled-Tuesday-Blitz-April-23-2024"]
[Site "Chess.com"]
[Date "2024.04.23"]
[Round "5"]
[White "TigrVShlyape"]
[Black "JonasEilenberg"]
[Result "1-0"]
[WhiteElo "3024"]
[BlackElo "2761"]
[TimeControl "180+1"]
[EndTime "8:58:36 PDT"]
[Termination "TigrVShlyape won by resignation"]

1. d4 d5 2. Bf4 Bf5 3. e3 e6 4.
c4 Nf6 5. Nc3 Nc6 6. a3 dxc4 7.
Bxc4 Bd6 8. Bg5 h6 9. Bh4 g5 10. Bg3 O-O 11. Nf3 Qe7 12. O-O Rad8 13. Qe2 e5 14. d5 Na5 15. Ba2 b6 16. b4 Nb7 17. e4 Bg6 18. Qa6 Rb8 19. Nd2 Nh5 20. Nc4 Nf4 21. Ne3 h5 22. f3 Kg7 23.
Rfe1 f6 24. Bc4 Nd8 25. Qxa7 Nf7 26. Qa4 Nh6 27. h3 Kh7 28. Qd1 Rg8 29. Ra2 Be8 30. Nb5 Bd7 31. Bf1 Rg7 32. Rc2 Rbg8 33. Nxd6 Qxd6 34.
Nc4 Qf8 35. d6 g4 36. fxg4 hxg4 37. h4 b5 38. Ne3 cxd6 39. Nd5 Nh5 40. Rc3 f5 41. exf5 Nxf5 42. Qc2 Kh8 43. Bf2 g3 44. Bb6 Nxh4 45. Be2 Nf4 46. Nxf4 Qxf4 47. Qc1 Rf8 48. Qxf4 exf4 49. Bd4 Nf5 50. Bxg7+ Kxg7 51. Bg4 Kg6 52. Rf1 Kg5 53. Bh3 Re8 54. Rc7 Be6 55. Rb7 Rc8 56.
Rxb5 Rc2 57. Bxf5 Bxf5 58. Rd5 Kg4 59. Re1 Bd3 60. Rxd6 1-0

[Event "Early-Titled-Tuesday-Blitz-April-23-2024"]
[Site "Chess.com"]
[Date "2024.04.23"]
[Round "5"]
[White "x-7171385435"]
[Black "ilqar_74"]
[Result "0-1"]
[WhiteElo "2151"]
[BlackElo "2749"]
[TimeControl "180+1"]
[EndTime "8:58:37 PDT"]
[Termination "ilqar_74 won by resignation"]

1. d4 Nf6 2. c4 e6 3. g3 d5 4. Bg2 Be7 5. Nf3 O-O 6. O-O dxc4 7.
Qc2 a6 8. a4 Nc6 9. Qxc4 Nb4 10. Rd1 b5 11. Qb3 Bb7 12. Nc3 bxa4 13. Rxa4 a5 14.
Ne5 Bxg2 15. Kxg2 Rb8 16. Qc4 Ra8 17. e4 Nd7 18. Nc6 Nb6 19. Nxd8 Nxc4 20. Nb7 Rfb8 21. Nc5 Nb6 22. Ra1 e5 23. N3a4 Nc2 24. Rb1 exd4 25.
Rd2 Nxa4 26. Nxa4 Na3 27. Ra1 Nb5 28. b3 Bb4 29. Rd1 c5 30. Bf4 Rb7 31. Rac1 Rc8 32. Rc4 Nc3 33. Nxc3 Bxc3 34. Be5 Rb4 35. Rxb4 axb4 36. f4 Rc6 37. Kf3 f6 38. Bb8 Rc8 39. Bd6 Kf7 40. e5 f5 41. g4 g6 42. gxf5 gxf5 43. Rg1 c4 44. bxc4 Rxc4 45. Ke2 b3 46. Kd3 Ra4 47. Rb1 b2 48. Kc2 Ra1 49. Bc5 Rxb1 50.
Kxb1 d3 51. Be3 Ke6 52. h3 h6 53. Ka2 h5 54. Kb1 h4 55. Ka2 d2 56. Bxd2 Bxd2 57. Kxb2 Bxf4 58. Kc2 Kxe5 59. Kd3 Bg3 60. Ke2 Ke4 61. Kf1 Kf3 62. Kg1 Ke2 63. Kg2 f4 64.
Kg1 f3 0-1

[Event "Early-Titled-Tuesday-Blitz-April-23-2024"]
[Site "Chess.com"]
[Date "2024.04.23"]
[Round "5"]
[White "JM05C"]
[Black "Skatchkov_V"]
[Result "0-1"]
[WhiteElo "2498"]
[BlackElo "2670"]
[TimeControl "180+1"]
[EndTime "8:58:38 PDT"]
[Termination "Skatchkov_V won by resignation"]

1. e4 e5 2. Nf3 d5 3. exd5 e4 4. Qe2 Nf6 5. Nc3 Be7 6. Nxe4 Nxd5 7. d4 O-O 8. Bd2 Re8 9. O-O-O Nc6 10. Kb1 Bf5 11.
Ng3 Bg6 12. Qc4 Nb6 13. Qb3 Nxd4 14. Nxd4 Qxd4 15. Bb5 Red8 16. Rhf1 Bh4 17. a3 c6 18. Be2 Qd5 19. Qxd5 Nxd5 20. Bf3 Bf6 21. Ne4 Be5 22. g3 Nb6 23. Nc5 Nc4 24. Bc1 b6 25. Nb3 h6 26.
Bxc6 Rxd1 27. Rxd1 Rc8 28. Bd7 Nxa3+ 29. Ka2 Rd8 30.
Kxa3 Bxc2 31. Rd5 Bf6 32. Nd4 Be4 33. Nc6 Bxd5 34. Nxd8 Bxd8 35. Be3 Kf8 36. b4 Ke7 37. Bf5 Bc7 38. Bd3 Bd6 39. Ka4 Bc6+ 40. Kb3 a5 41.
b5 Bd5+ 42. Kc3 Bb4+ 43. Kd4 Be6 44. Ke5 Bd6+ 45. Ke4 Bc5 46. Bxc5+ bxc5 47. b6 Kd7 48. Bb5+ Kc8 49. Bc6 Kb8 50. Kd3 Bb3 51. Kc3 a4 52. f4 f6 53. g4 c4 54. h4 a3 55. g5 a2 56. Kb2 c3+ 57. Ka1 c2 0-1

[Event "Early-Titled-Tuesday-Blitz-April-23-2024"]
[Site "Chess.com"]
[Date "2024.04.23"]
[Round "5"]
[White "Artemiki"]
[Black "lucasran"]
[Result "0-1"]
[WhiteElo "2456"]
[BlackElo "2618"]
[TimeControl "180+1"]
[EndTime "8:58:38 PDT"]
[Termination "lucasran won on time"]

1. e4 c6 2. d4 d5 3. e5 Bf5 4. h4 h5 5. Bd3 Bxd3 6. Qxd3 Qa5+ 7. Nd2 Qa6 8. c4 e6 9. Ngf3 Ne7 10. O-O Nf5 11.
a4 Be7 12. b3 Nd7 13. Ba3 Bxa3 14. Rxa3 Qa5 15. b4 Qd8 16. g3 dxc4 17. Nxc4 Nb6 18. Ne3 Ne7 19. Ng5 Qd7 20. b5 Nbd5 21. Nc4 Nf5 22.
Ne4 O-O 23. Ncd6 Nde7 24. bxc6 Qxc6 25. Rc3 Qxa4 26. Rc7 Nxd6 27. Nxd6 Nf5 28. Nxf5 exf5 29. Qxf5 Qxd4 30. Rxb7 Qd5 31. Re7 a5 32. Qxh5 a4 33.
Rd1 Qb3 34. Rdd7 a3 35. e6 a2 36. exf7+ Rxf7 37. Rxf7 a1=Q+ 38. Kh2 Qbb1 39. Rxg7+ Qxg7 40. Qd5+ Kh7 41. Rxg7+ Kxg7 42. Qxa8 Qb2 43. Qf3 Qc2 44.
Qf4 Qb2 45. h5 Qc2 46. Kg2 Qb2 47. Qg5+ Kh7 48. Qf5+ Kh8 49. Qf6+ Qxf6 50. g4 Qg5 51. Kg3 Qf6 52. f4 Qe7 53. g5 Kg7 54. Kg4 Qd7+ 55. f5 Qd4+ 56. Kg3 Qe4 57. h6+ Kh7 58. f6 Kg6 59. f7 Kxf7 0-1

[Event "Early-Titled-Tuesday-Blitz-April-23-2024"]
[Site "Chess.com"]
[Date "2024.04.23"]
[Round "5"]
[White "Matols"]
[Black "FoxOnTheRun97"]
[Result "0-1"]
[WhiteElo "2376"]
[BlackElo "2587"]
[TimeControl "180+1"]
[EndTime "8:58:38 PDT"]
[Termination "FoxOnTheRun97 won on time"]

1. d4 Nf6 2. c4 e6 3. g3 d5 4. Nf3 Bb4+ 5. Bd2 Be7 6. Bg2 O-O 7. O-O c6 8. Qc2 b6 9. Rd1 Ba6 10. b3 Ne4 11. Be1 Nd7 12. Nc3 f5 13. Rac1 Rc8 14. Qb2 Bd6 15. e3 g5 16. cxd5 cxd5 17. Nxe4 fxe4 18.
Rxc8 Bxc8 19. Ne5 Bxe5 20. dxe5 Nc5 21. Qd4 Nd3 22. Bf1 Ba6 23. Bb4 Nxb4 24. Qxb4 Bxf1 25. Kxf1 Qc7 26. Qd6 Qxd6 27. exd6 Rd8 28. Rc1 Rxd6 29. Rc8+ Kg7 30. Rc7+ Kg6 31. Rxa7 Rc6 32. Rb7 h5 33. h3 h4 34. gxh4 gxh4 35. a4 Kf5 36. b4 e5 37. b5 Rc4 38. Rxb6 Rxa4 39. Rh6 d4 40. exd4 exd4 41. b6 d3 42. Rd6 Rb4 43.
Ke1 Rb2 44. f3 Ke5 45. Rd8 Rxb6 46. fxe4 Kxe4 47. Re8+ Kf3 48. Rf8+ Kg3 49. Rd8 Rb3 50. Rg8+ Kxh3 51. Kd2 Kh2 52. Rg7 h3 53. Rg8 Ra3 54. Rg7 Kh1 55. Rg8 h2 56. Rg7 Ra2+ 57. Kxd3 Rg2 58.
Ra7 Kg1 59. Ra1+ Kf2 60. Rh1 Kg3 61. Ke3 Rg1 0-1

[Event "Early-Titled-Tuesday-Blitz-April-23-2024"]
[Site "Chess.com"]
[Date "2024.04.23"]
[Round "5"]
[White "Abund"]
[Black "guillembaches"]
[Result "1/2-1/2"]
[WhiteElo "2804"]
[BlackElo "2590"]
[TimeControl "180+1"]
[EndTime "8:58:39 PDT"]
[Termination "Game drawn by repetition"]

1. e4 d5 2. exd5 Qxd5 3. Nc3 Qa5 4.
d4 Nf6 5. Nf3 Bf5 6. Bc4 e6 7.
Bd2 Bb4 8. a3 Bxc3 9. Bxc3 Qb6 10. a4 a5 11. O-O Nc6 12. Ne5 Nxe5 13. dxe5 Ne4 14. Bd4 Qb4 15. Qe2 Qd2 16. Be3 Qxe2 17. Bxe2 b6 18. Bb5+ Ke7 19. Ra3 Rad8 20. f3 Nc5 21.
Rc3 Rd5 22. Bc6 Rxe5 23. f4 Rxe3 24. Rxe3 Bxc2 25. Rc1 Bf5 26. Rd1 h5 27. Rc3 Kf6 28. g3 h4 29. Kg2 hxg3 30. hxg3 Bh3+ 31. Kg1 Bg4 32. Rd2 Rh3 33. Rd8 Bf5 34. Bg2 Rh6 35.
Bc6 Rh3 36. Kg2 Rh6 37. Bf3 Bh3+ 38. Kf2 Bf5 39. g4 Rh2+ 40. Kg3 Rd2 41. Rh8 Be4 42. Rxc5 bxc5 43. Bxe4 Rxb2 44. g5+ Ke7 45. Bc6 Rb4 46. Rc8 Kd6 47. Be8 c4 48. Bxf7 c3 49. Bg6 Rb2 50. Rd8+ Kc5 51. Rd3 Kb4 52. Rd4+ Kb3 53. Rd3 c5 54. Rd8 c4 55. Rb8+ Ka2 56. Rc8 Kb3 57. Rb8+ Ka2 58. Rc8 Kb3 59. Rb8+ 1/2-1/2

[Event "Early-Titled-Tuesday-Blitz-April-23-2024"]
[Site "Chess.com"]
[Date "2024.04.23"]
[Round "5"]
[White "JacksterThePro"]
[Black "arenal72"]
[Result "1/2-1/2"]
[WhiteElo "2476"]
[BlackElo "2619"]
[TimeControl "180+1"]
[EndTime "8:58:39 PDT"]
[Termination "Game drawn by repetition"]

1. d4 d6 2. Nf3 Nf6 3. c4 g6 4. Nc3 Bf5 5. g3 Bg7 6. Bg2 Ne4 7. Qb3 Nxc3 8. Qxc3 O-O 9. Nh4 Bc8 10. Qd3 Nc6 11. d5 Ne5 12. Qc2 c6 13. O-O cxd5 14. Bxd5 Qc7 15. Bf4 Be6 16. Bxe6 fxe6 17. Rac1 Rac8 18. b3 Qa5 19. Bxe5 Qxe5 20. Nf3 Qf5 21. Rfd1 Qxc2 22. Rxc2 Bf6 23. Rcd2 Kf7 24. Kg2 a6 25. h4 h6 26. Nd4 Rc5 27. a4 Bxd4 28. Rxd4 e5 29.
Rd5 Rfc8 30. Kf3 Ke6 31. Ke4 R5c6 32. a5 Rc5 33. Rxc5 Rxc5 34. Rd5 Rc8 35. f3 g5 36.
hxg5 hxg5 37. g4 Rf8 38. e3 Rh8 39. Rd2 Rh1 40. Rb2 Kd7 41. b4 Ke6 42. b5 Ra1 43. bxa6 bxa6 44. Rb6 Rxa5 45. f4 gxf4 46. exf4 exf4 47.
Kxf4 Ra4 48. Rc6 Kd7 49. Rb6 Rxc4+ 50. Kf5 a5 51. Ra6 a4 52. g5 Rc1 53. g6 Rf1+ 54. Kg5 Rg1+ 55. Kh6 Rg4 56. g7 d5 57. Kh7 e5 58. Rg6 Rh4+ 59. Rh6 Rg4 60. Rg6 Rh4+ 61. Rh6 Rg4 62. Rg6 1/2-1/2

[Event "Early-Titled-Tuesday-Blitz-April-23-2024"]
[Site "Chess.com"]
[Date "2024.04.23"]
[Round "5"]
[White "Polish_fighter3000"]
[Black "KuzubovYuriy"]
[Result "1-0"]
[WhiteElo "3114"]
[BlackElo "2932"]
[TimeControl "180+1"]
[EndTime "8:58:41 PDT"]
[Termination "Polish_fighter3000 won by resignation"]

1. e4 e5 2. Nf3 Nc6 3. Bc4 Be7 4. O-O Nf6 5. d3 O-O 6. Nc3 d6 7. a3 Be6 8. Bxe6 fxe6 9. Ne2 Qe8 10. Ng3 Nh5 11. c3 Nxg3 12. fxg3 Qd7 13. b4 Bf6 14. g4 g6 15. g5 Bg7 16. Be3 Ne7 17.
a4 Rf7 18. Qc2 d5 19. b5 c6 20. c4 d4 21. Bf2 c5 22. Bg3 Qd6 23. a5 Raf8 24.
a6 b6 25. Qe2 Nc8 26. h4 Ne7 27. Qd2 Qc7 28. Rf2 Qd6 29. Raf1 Qc7 30. Bh2 Nc8 31. g4 Ne7 32. Kg2 Bh8 33. Kh3 Qd6 34. Bg3 Qc7 35.
h5 Qd6 36. h6 Qc7 37. Kg2 Nc8 38. Qe2 Qd6 39. Re1 Qc7 40. Qf1 Qd6 41. Qh1 Qc7 42.
Ref1 Rf4 43. Kh3 Nd6 44. Bxf4 exf4 45. e5 Nf7 46. Re2 Qe7 47. Kg2 Qc7 48. Kf2 Bxe5 49. Rfe1 Bd6 50. Rxe6 Qd7 51. Kg2 Nxg5 52. Nxg5 f3+ 53.
Nxf3 Rf4 54. Re8+ Bf8 55. Kf2 Qxg4 56. R8e4 Qf5 57. Rxf4 Qxf4 58. Re4 Qf5 59. Kg2 g5 60. Qh3 Qf7 61. Qe6 Bxh6 62. Qxf7+ Kxf7 63. Ne5+ Kf6 64. Nc6 Kf5 65. Nxa7 1-0

[Event "Early-Titled-Tuesday-Blitz-April-23-2024"]
[Site "Chess.com"]
[Date "2024.04.23"]
[Round "5"]
[White "KogotBobra17"]
[Black "PolandHussars"]
[Result "1-0"]
[WhiteElo "2760"]
[BlackElo "2587"]
[TimeControl "180+1"]
[EndTime "8:58:41 PDT"]
[Termination "KogotBobra17 won on time"]

1. e4 e5 2. Nf3 Nc6 3. c3 Nf6 4.
d4 d6 5. Bd3 Be7 6. h3 O-O 7.
O-O Re8 8. Re1 h6 9. Nbd2 Bf8 10. Nf1 g6 11. Ng3 Bg7 12. Bc4 Qe7 13. Nh4 Kh7 14.
f4 exd4 15. cxd4 Nxd4 16. Qxd4 Nd7 17. Qd3 Qxh4 18. Bxf7 Nc5 19. Qf3 Rf8 20. Bc4 Bd7 21. Be3 Ne6 22. f5 Ng5 23. Bxg5 Qxg5 24. fxg6+ Qxg6 25. Nf5 Be5 26. Re2 Rae8 27. Rf1 Kh8 28. Bd3 Rg8 29. Kh1 Ref8 30. Qe3 a6 31. Rc2 c5 32. Rcf2 Rf6 33. Ne7 Qg7 34. Nxg8 Bd4 35. Nxf6 Bxe3 36. Nh5 Qd4 37. Rf8+ Kh7 38. Bb1 Kg6 39. Ng3 Qe5 40. Nf5 Bxf5 41. exf5+ Kg7 42. Rb8 Qf6 43. Rxb7+ Kg8 44. Be4 Bd4 45. Bd5+ Kh8 46. Rb8+ Kg7 47. Rg8+ Kh7 48. Re8 Be5 49. Re6 Qg5 50. Rg6 Qh4 51. Rg4 Qf6 52. Rg6 Qh4 53. Be6 Qe4 54. Rg4 Qd3 55. Bc4 Qe3 56. f6 Bxf6 57.
Rxf6 Qe1+ 58. Rf1 Qe5 59. Rf7+ Kh8 60. Rf8+ Kh7 61. Bd3+ 1-0

[Event "Early-Titled-Tuesday-Blitz-April-23-2024"]
[Site "Chess.com"]
[Date "2024.04.23"]
[Round "5"]
[White "Lupul_Cenusiu"]
[Black "alpope"]
[Result "1/2-1/2"]
[WhiteElo "2676"]
[BlackElo "2513"]
[TimeControl "180+1"]
[EndTime "8:58:41 PDT"]
[Termination "Game drawn by repetition"]

1. e4 d6 2. d4 Nf6 3. Nc3 e5 4.
Nf3 Nbd7 5. g3 Be7 6. Bg2 O-O 7.
O-O c6 8. a4 Qc7 9. a5 Re8 10.
h3 h6 11. Be3 Nf8 12. Qd2 Ng6 13. Ne1 Bf8 14. f4 exd4 15. Bxd4 Nh5 16. Kh2 d5 17.
exd5 c5 18. Bf2 a6 19. d6 Bxd6 20. Nd5 Qb8 21. Kh1 Be6 22. Rd1 Bxd5 23. Qxd5 Bf8 24. Qxb7 Qxb7 25. Bxb7 Rab8 26. Bxa6 Rxb2 27. Bc4 Nf6 28.
Bb3 c4 29. Bd4 cxb3 30. Bxb2 Ne4 31. Rd3 Bc5 32. Kg2 h5 33. cxb3 h4 34. g4 Ng3 35. Rxg3 Re2+ 36. Kf3 Re3+ 37. Kg2 Re2+ 38. Kf3 Re3+ 39. Kg2 Rxg3+ 40. Kh2 Rxb3 41. Bc1 Rb5 42. a6 Ra5 43. Nd3 Bd6 44. Kh1 Rxa6 45. f5 Ne5 46. Nxe5 Bxe5 47. Be3 Ra3 48. Bf2 Rxh3+ 49. Kg2 Ra3 50.
Bxh4 Ra2+ 51. Rf2 Rxf2+ 52. Bxf2 g6 53. Kf3 gxf5 54. gxf5 f6 55. Ke4 Kf7 56. Bc5 Bc7 57. Bd4 Bg3 58. Ba7 Bh2 59. Bd4 Bg3 60. Be3 Bh2 61. Bd4 Bg3 1/2-1/2

[Event "Early-Titled-Tuesday-Blitz-April-23-2024"]
[Site "Chess.com"]
[Date "2024.04.23"]
[Round "5"]
[White "GelmanAlexander"]
[Black "Louis-Paulsen-Fan"]
[Result "1-0"]
[WhiteElo "2635"]
[BlackElo "2337"]
[TimeControl "180+1"]
[EndTime "8:58:41 PDT"]
[Termination "GelmanAlexander won by checkmate"]

1. d4 d5 2. Nc3 Nf6 3. Bf4 Bf5 4. f3 e6 5. g4 Bg6 6. h4 h6 7.
e3 Bd6 8. Nh3 Qe7 9. Qd2 c6 10.
O-O-O Nbd7 11. Bxd6 Qxd6 12. Nf4 Bh7 13. g5 Ng8 14. e4 O-O-O 15. Rg1 Ne7 16. gxh6 gxh6 17. Rg7 e5 18. dxe5 Nxe5 19. exd5 Qf6 20. Nh5 Qxh4 21.
Nf4 Qf6 22. Bh3+ Kb8 23. Rg3 Qh4 24. Qd4 N7g6 25. Nxg6 Qxd4 26. Rxd4 Bxg6 27. f4 c5 28. Rd1 Nd7 29. f5 Bh7 30. Rg7 Rdf8 31. Ne4 Bg8 32. Rdg1 Ne5 33. Nf6 h5 34. Rxg8 Rhxg8 35. Rxg8 Rxg8 36.
Nxg8 Kc7 37. Kd2 Kd6 38. Nf6 Ke7 39. Nxh5 b5 40. Nf4 c4 41. Ke3 Kd6 42. Kd4 b4 43.
Bg2 Ng4 44. Kxc4 Ne3+ 45. Kxb4 Nxc2+ 46. Ka5 Ne3 47. Ka6 Nxf5 48. Kxa7 Ke5 49. Nd3+ Kd6 50. b4 Ne3 51. Be4 Nc4 52. a4 f5 53. Bxf5 Kxd5 54.
b5 Nd6 55. Bd7 Nf7 56. Bc6+ Kd6 57. a5 Nd8 58. Nb4 Kc7 59. b6+ Kc8 60. b7+ Nxb7 61. Bxb7+ Kc7 62. a6 Kd6 63. Kb6 Ke5 64. a7 Kd4 65.
a8=Q Kc3 66. Qc8+ Kd4 67. Qc5# 1-0

[Event "Early-Titled-Tuesday-Blitz-April-23-2024"]
[Site "Chess.com"]
[Date "2024.04.23"]
[Round "5"]
[White "Valio_M1948"]
[Black "BozeKat"]
[Result "0-1"]
[WhiteElo "2357"]
[BlackElo "2109"]
[TimeControl "180+1"]
[EndTime "8:58:41 PDT"]
[Termination "BozeKat won by resignation"]

1. Nf3 c5 2. g3 d5 3. Bg2 Nf6 4. O-O e6 5. d3 Nc6 6. Nbd2 Be7 7.
e4 b5 8. Qe2 O-O 9. c3 a5 10.
Rd1 Ba6 11. h4 b4 12. c4 dxe4 13. dxe4 e5 14. Nb3 Qc7 15. Bg5 Nd4 16. Nbxd4 cxd4 17. b3 Bc8 18. Ne1 Bg4 19. Bf3 Be6 20. Nd3 h6 21. Bxf6 Bxf6 22. Bg4 Qd7 23. Bxe6 Qxe6 24. Nb2 Qh3 25. Rd3 Be7 26. Rc1 f5 27. exf5 Rxf5 28. g4 Qxh4 29. gxf5 Qg4+ 30. Rg3 Qxe2 31. Nd3 Bf6 32.
c5 Qxa2 33. c6 Qxb3 34. c7 Rc8 35. Nc5 Qb2 36. Nd3 Qa2 37. Rc6 b3 38. Rxf6 b2 39.
Nxb2 Qxb2 40. Rc6 Qb1+ 41. Kh2 Qxf5 42. Rc5 Qd7 43. Rg6 Rxc7 44. Rxe5 Rc2 45. Kg2 Qf7 46. Rge6 Qxf2+ 47. Kh3 Qg2+ 48. Kh4 Qh2+ 49. Kg4 Rg2+ 50. Kf5 Qh5+ 51. Ke4 Re2+ 52. Kd5 Rxe5+ 53. Rxe5 Qg6 54.
Kxd4 Qf7 55. Rxa5 Qf6+ 56. Ke4 Qg6+ 57. Kf4 Kh7 58. Ra7 Qf6+ 59. Kg4 Qg5+ 60. Kh3 h5 61. Kh2 Qg4 62. Kh1 Qf3+ 63. Kh2 Qf4+ 64. Kh1 Qe4+ 65.
Kh2 h4 66. Kh3 Qe3+ 67. Kxh4 Qxa7 68. Kh5 Qa4 0-1

[Event "Early-Titled-Tuesday-Blitz-April-23-2024"]
[Site "Chess.com"]
[Date "2024.04.23"]
[Round "5"]
[White "Aradhya2000"]
[Black "SahibSinghKnight"]
[Result "1-0"]
[WhiteElo "2846"]
[BlackElo "2630"]
[TimeControl "180+1"]
[EndTime "8:58:42 PDT"]
[Termination "Aradhya2000 won by resignation"]

1. d4 e6 2. c4 d5 3. Nc3 c6 4. e3 Nf6 5. Nf3 Bd6 6. Bd3 dxc4 7. Bxc4 b5 8. Bb3 Nbd7 9. e4 e5 10. dxe5 Nxe5 11. Nxe5 Bxe5 12. Qxd8+ Kxd8 13. Bxf7 b4 14. Na4 Nxe4 15. Be3 Ke7 16. Bb3 Rd8 17. O-O Kf8 18. Rfe1 Bd6 19. Rad1 Be7 20. Rxd8+ Bxd8 21. f3 Nd6 22.
Bc5 Be7 23. Bxb4 Rb8 24. Bc5 a5 25. Nb6 Nf5 26. Bf2 Nd6 27. Na4 Ke8 28. Bg3 Kd8 29. Rd1 Kc7 30. Nc5 Rb6 31. Ne4 c5 32. Nxc5 Rc6 33.
Ne4 Bf5 34. Nxd6 Bxd6 35. Rxd6 Rxd6 36. Kf2 Kc6 37. Ba4+ Kc5 38. Bxd6+ Kxd6 39. Ke3 Kc5 40. a3 Be6 41. Bc2 g6 42. h4 Bf7 43. g4 Kd6 44. Kd4 Be8 45. f4 Bd7 46. g5 Bg4 47. b4 axb4 48.
axb4 Be2 49. Bd3 Bg4 50. Bc4 Ke7 51. Ke5 Bf5 52. b5 Kf8 53. b6 Bc8 54. Bd5 Kg7 55. b7 Bxb7 56. Bxb7 h6 57. Bd5 hxg5 58. fxg5 Kh7 59.
Kf6 Kh8 60. Be4 Kh7 61. Bxg6+ Kh8 62. h5 Kg8 63. h6 Kh8 64. Bh5 Kh7 65. Bg4 Kg8 66.
g6 Kh8 67. Bf5 Kg8 68. Be6+ Kh8 69. g7+ 1-0

[Event "Early-Titled-Tuesday-Blitz-April-23-2024"]
[Site "Chess.com"]
[Date "2024.04.23"]
[Round "5"]
[White "ImportedItalianMaple"]
[Black "Silent-Killer100"]
[Result "0-1"]
[WhiteElo "2451"]
[BlackElo "2612"]
[TimeControl "180+1"]
[EndTime "8:58:43 PDT"]
[Termination "Silent-Killer100 won on time"]

1. e4 b6 2. d4 Bb7 3. Nc3 d6 4. Be3 Nd7 5. f4 g6 6. Bc4 Bg7 7. Nf3 e6 8. O-O Ne7 9. f5 exf5 10. Nh4 O-O 11. exf5 d5 12. Bd3 Nc6 13. Qg4 Nf6 14.
Qh3 Re8 15. fxg6 fxg6 16. Nxg6 hxg6 17. Bxg6 Bc8 18. Qg3 Ng4 19. Bf7+ Kh8 20. Bf4 Nxd4 21. Qh3+ Nh6 22. Qh5 Bg4 23. Qg6 Bf5 24. Qh5 Bg4 25.
Qg6 Nxf7 26. Qxg4 Kg8 27. Rae1 Qf6 28. Be5 Nxe5 29. Qg3 Qh6 30. Nxd5 Rac8 31. c3 Ndc6 32. Nf6+ Kh8 33. Nxe8 Rxe8 34. Rf4 Kg8 35. Rh4 Qf6 36.
Rhe4 Qd6 37. h3 Qc5+ 38. Kh2 Qd5 39. b3 Qd6 40. c4 Kh8 41. Rh4+ Kg8 42. Rhe4 Re7 43.
R4e3 Nd4 44. Re4 Nf5 45. Qf4 Nh6 46. Qg3 Nhf7 47. Kh1 Qd2 48. Qh4 Qd6 49. Qg3 Qf6 50. Qh2 Qf5 51. Qg3 Qh7 52. Rh4 Qc2 53. Rhe4 Qxa2 54. Qh4 Kf8 55. Qh7 Qxb3 56. Rf1 Qd3 57.
Ref4 Qxh7 0-1

[Event "Early-Titled-Tuesday-Blitz-April-23-2024"]
[Site "Chess.com"]
[Date "2024.04.23"]
[Round "5"]
[White "Iball95"]
[Black "SirStrateg"]
[Result "0-1"]
[WhiteElo "2850"]
[BlackElo "2683"]
[TimeControl "180+1"]
[EndTime "8:58:45 PDT"]
[Termination "SirStrateg won by checkmate"]

1. e4 d6 2. d4 Nf6 3. Nc3 c6 4. Nf3 Bg4 5. h3 Bh5 6. g4 Bg6 7. Qe2 e6 8. h4 h6 9. h5 Bh7 10. g5 hxg5 11. Nxg5 Bg8 12. Bf4 Nbd7 13. O-O-O Qa5 14. Kb1 O-O-O 15. Bg2 d5 16. e5 Ne8 17.
Rd3 Nc7 18. a3 b5 19. Na2 Nb6 20. Bd2 Qa6 21. Bb4 Nc4 22. Bxf8 Rxf8 23. Nb4 Qb6 24.
Rc3 a5 25. Nd3 Qxd4 26. Ka2 Bh7 27. Nf3 Qe4 28. Qd1 b4 29. axb4 axb4 30. Nxb4 Kd7 31. b3 Ra8+ 32. Kb1 Na3+ 33. Kb2 Qxb4 34. Rh4 Qa5 35. Ra4 Qb6 36. Rxa3 Rxa3 37. Kxa3 Ra8+ 38. Kb2 Qxf2 39. Bh3 Nb5 40. Rd3 Bxd3 41. Qxd3 Qc5 42. Kc1 Ra1+ 43. Kd2 Qb4+ 44. Ke2 Qc3 45. Qh7 Nd4+ 46.
Nxd4 Qxd4 47. Qxg7 Qe4+ 48. Kf2 Qe1+ 49. Kf3 Qe4+ 50.
Kf2 Qf4+ 51. Ke2 Rh1 52. Bg2 Rxh5 53. Qg8 Rxe5+ 54. Kd1 Qd4+ 55. Kc1 Qa1+ 56. Kd2 Qe1+ 57. Kd3 Re3+ 58. Kd4 Qc3# 0-1

[Event "Early-Titled-Tuesday-Blitz-April-23-2024"]
[Site "Chess.com"]
[Date "2024.04.23"]
[Round "5"]
[White "mertfelin"]
[Black "AsselLesbekova"]
[Result "0-1"]
[WhiteElo "2263"]
[BlackElo "2443"]
[TimeControl "180+1"]
[EndTime "8:58:46 PDT"]
[Termination "AsselLesbekova won by resignation"]

1. e4 e5 2. Nf3 Nf6 3. Nxe5 Nxe4 4. Qe2 Qe7 5. Qxe4 d6 6. d4 dxe5 7. dxe5 Nc6 8. Nc3 Qxe5 9. Qxe5+ Nxe5 10. Bf4 Bd6 11.
Bg3 Bd7 12. Ne4 O-O-O 13. O-O-O Bc6 14. Nxd6+ cxd6 15. f3 f6 16. Be2 Rhe8 17. Rhe1 Kc7 18. b3 b6 19. Bf1 g5 20. Rd4 Kc8 21. Red1 d5 22. Ba6+ Kc7 23. a4 h5 24. h4 Rg8 25.
hxg5 Rxg5 26. Bh4 Rxg2 27. Bxf6 Re8 28. f4 Ng4 29. Bg5 Ne3 30. R1d2 Rg1+ 31. Kb2 Nf5 32. R4d3 Ree1 33. Rh3 Rb1+ 34. Kc3 d4+ 35. Kb4 Be8 36.
Bd3 a5+ 37. Kc4 Bf7+ 38. Kb5 Nd6+ 39. Ka6 Bd5 40. Bd8+ Kxd8 41. Rxh5 Bf7 42. Re5 Rbe1 43. Rde2 Rxe2 44. Rxe2 Kd7 45. Kxb6 Rg8 46. Kc5 Rf8 47.
Kxd4 Be6 48. Ke5 Bf5 49. Ba6 Bg6 50. Rf2 Rf5+ 51. Kd4 Kc6 52. c4 Kb6 53. Bb5 Nb7 54. Bd7 Rf6 55. Kc3 Nc5 56. Bg4 Ne4+ 0-1